 Dungeon Crawl Stone Soup version 0.29.0-4-gdea44cf6ec (webtiles) character file.

Game seed: 17028762672322935087

13 qw the Sneak (level 2, 0/14 HPs)
             Began as a Felid Delver on Aug 27, 2022.
             Slain by an orc
             ... wielding a +0 trident
              (1 damage)
             ... on level 4 of the Dungeon.
             The game lasted 00:00:03 (66 turns).

qw the Sneak (Felid Delver)                           Turns: 66, Time: 00:00:03

Health: 0/14       AC:  1    Str:  8    XL:     2   Next: 24%
Magic:  3/3        EV: 14    Int: 11    God:
Gold:   5          SH:  0    Dex: 17    Spells: 1/1 levels left
                                        Lives:  0   Deaths: 0

rFire   . . .      SeeInvis +     - Unarmed
rCold   . . .      Faith    .   (shield unavailable)
rNeg    . . .      Spirit   .   (body armour unavailable)
rPois   .          Reflect  .   (helmet unavailable)
rElec   .          Harm     .   (cloak unavailable)
rCorr   .          Rampage  .   (gloves unavailable)
Will    .....                   (boots unavailable)
Stlth   +++.......              (no amulet)
HPRegen 0.04/turn               (no ring)
MPRegen 0.08/turn               (no ring)

@: constricted, quick
A: very small, claws 1, fangs 3, see invisible, speed 1, shaggy fur 1, stealthy
paws, no weapons or thrown items, no armour, multi-lived
a: no special abilities


You were on level 4 of the Dungeon.
You visited 1 branch of the dungeon, and saw 2 of its levels.

You collected 5 gold pieces.


Innate Abilities, Weirdness & Mutations

You have sharp claws.
You have razor-sharp teeth.
You have supernaturally acute eyesight. (SInv)
You cover ground quickly. (Speed+)
You are covered in fur. (AC +1)
Your paws help you pounce on unaware monsters.
You are incapable of wielding weapons or throwing items.
You cannot wear armour.
You gain extra lives every three experience levels.


   Skills:
 - Level 3.0 Fighting
 + Level 2.6 Dodging
 - Level 6.6 Stealth
 - Level 3.0 Unarmed Combat


You had one spell level left.
You didn't know any spells.
Your spell library was empty.

Inventory:

Wands
 e - a wand of digging (3)
Potions
 a - a potion of attraction {unknown}
 d - a potion of haste

Dungeon Overview and Level Annotations

Branches:
Dungeon (5/15)
 Temple: D:4-7

Altars:


Message History

Found a leather armour.
Found a stone staircase leading down.
An orc priest comes into view. It is wielding a +0 club.
A goblin comes into view. It is wielding a +0 club.
Found a scroll labelled KIMAGG WITRUA.
The orc priest shouts!
The orc shouts!
The goblin shouts!
The orc shouts!
The orc priest looks braver for a moment.
An orc comes into view. It is wielding a +0 dagger.
The goblin moves out of view.
A kobold comes into view. It is wielding a +0 short sword.
A ball python comes into view.
The orc hits you with a +0 hand axe. The orc completely misses you.
59 ||| Stepping ~*~*~tactically~*~*~ (outnumbered).
A ball python comes into view.
The orc hits you from afar with a +0 trident.
The ball python hisses angrily.
You claw the orc!
You kill the orc!
You hear a shout!
The orc misses you.
You scratch the goblin.
You kill the goblin!
A hobgoblin comes into view.
The orc misses you.
Your Unarmed Combat skill increases to level 3!
Items here: % )) [.
You scratch the orc priest but do no damage.
The orc barely misses you. The orc priest hits you with a +0 club.
The ball python misses you. The ball python closely misses you.
You barely miss the orc priest. The orc barely misses you.
The orc priest closely misses you.
The ball python bites you but does no damage.
The ball python grabs you. The ball python constricts you.
You closely miss the ball python. The orc priest hits you with a +0 club.
The orc closely misses you.
The ball python bites you but does no damage.
The ball python constricts you.
You closely miss the ball python.
The orc hits you from afar with a +0 trident.
You die...

#####.......#
####....#..#
#.......#..#
###..........#
#.....##...#.#
##..........#.##
#.....##........
....$.......?.[..
#..#..S@...##....
#..##oo.# ....
#.# ...## $..#
... ...## ## ...
.o..> ... ......
..g##.K.#.. S...
..


You could see an orc priest, an orc and a ball python.

Vanquished Creatures
  An adder (D:4)
  An orc (D:4)
  A goblin (D:4)
3 creatures vanquished.

Notes
Turn   | Place    | Note
-------+----------+-------------------------------------------
     0 | D:5      | qw the Felid Delver began the quest for the Orb.
     0 | D:5      | Reached XP level 1. HP: 10/10 MP: 2/2
     0 | D:5      | 0 ||| qw: Version: 0.1-a-89-g26bdef1
     0 | D:5      | 0 ||| qw: Game counter: 2
     0 | D:5      | 0 ||| qw: Always use a shield: true
     0 | D:5      | 0 ||| qw: God list: Okawaru, Trog
     0 | D:5      | 0 ||| qw: Allow faded altars: false
     0 | D:5      | 0 ||| qw: Do Orc after D:15 true
     0 | D:5      | 0 ||| qw: Do second Lair branch before Depths: true
     0 | D:5      | 0 ||| qw: Lair rune preference: random
     0 | D:5      | 0 ||| qw: Plans: Normal
     0 | D:5      | 0 ||| PLANNING D:1-11
    25 | D:5      | 25 ||| DROPPING scroll of fog.
    26 | D:5      | 26 ||| DROPPING scroll of magic mapping.
    27 | D:5      | 27 ||| DROPPING scroll of fear.
    46 | D:4      | Reached XP level 2. HP: 14/14 MP: 3/3
    59 | D:4      | 59 ||| Stepping ~*~*~tactically~*~*~ (outnumbered).
    62 | D:4      | Reached skill level 3 in Unarmed Combat
    64 | D:4      | HP: 3/14 [constriction (1)]
    65 | D:4      | HP: 1/14 [constriction (1)]
    66 | D:4      | Slain by an orc

Levels and vault maps discovered:
D:4:      layout_cave_pools, nicolae_overflow_hidden_temple,
          fedhas_altar_fruit_tree, serial_rivers,
          chequers_serial_rivers_small_b, chequers_serial_rivers_room_b,
          chequers_serial_rivers_large_a, chequers_serial_rivers_marsh,
          chequers_serial_rivers_small_3
D:5:      layout_gridville, skrybe_limestone_x, serial_bayou_pond_e,
          uniq_edmund, uniq_ijyb

Skill      XL: |  1  2 |
---------------+-------+-----
Unarmed Combat | 3 |  3.0
Fighting       | |  3.0
Dodging        | |  2.6
Stealth        | |  6.6

Action                   || total
-------------------------++-------
Melee: Unarmed           ||     7
 Stab: Sleeping          ||     1
Armor: Skin              ||     2
Dodge: Dodged            ||     9

Table legend:
 A = Non-vault XP
 B = Vault XP
 C = Vault XP percentage of total XP
 D = Non-vault monster count
 E = Vault monster count
 F = Vault count percentage of total count
                 A         B        C        D         E       F
            +---------+---------+-------+---------+---------+-------
      Total |      19 |       0 |   0.0 |       3 |       0 |   0.0
            +---------+---------+-------+---------+---------+-------
        D:4 |      19 |       0 |   0.0 |       3 |       0 |   0.0
            +---------+---------+-------+---------+---------+-------
